 Dungeon Crawl Stone Soup version 0.23.2-30-g0e89c35649 (webtiles) character file.

Game seed: 16004483796121160308

2532 HASTUR3 the Charlatan (level 9, -7/45 HPs)
             Began as a Deep Elf Conjurer on June 22, 2019.
             Was an Initiate of Sif Muna.
             Mangled by an eight-headed hydra skeleton (8 damage)
             ... animated by the malice of Kikubaaqudgha
             ... on level 6 of the Dungeon.
             The game lasted 00:40:52 (8928 turns).

HASTUR3 the Charlatan (Deep Elf Conjurer)           Turns: 8928, Time: 00:40:53

Health: -7/45      AC:  4    Str:  5    XL:     9   Next: 30%
Magic:  0/30       EV: 13    Int: 24    God:    Sif Muna [......]
Gold:   271        SH:  0    Dex: 15    Spells: 4/22 levels left

rFire    . . .     SeeInvis .   u - +4 spear
rCold    . . .     Gourm    .   (no shield)
rNeg     . . .     Faith    .   a - +1 robe
rPois    .         Spirit   +   (no helmet)
rElec    .         Reflect  .   j - scarf {Spirit}
rCorr    .         Harm     .   (no gloves)
MR       .....                  r - +0 pair of boots
Stlth    ++........             q - amulet of rage
HPRegen  0.15/turn              y - ring of magical power
MPRegen  0.22/turn              b - ring of wizardry

@: no status effects
A: no striking features
a: Renounce Religion, Evoke Berserk Rage


You were on level 6 of the Dungeon.
You worshipped Sif Muna.
Sif Muna was noncommittal.
You were hungry.

You visited 2 branches of the dungeon, and saw 8 of its levels.
You also visited: Ossuary.

You collected 511 gold pieces.
You spent 240 gold pieces at shops.

Inventory:

Hand Weapons
 u - a +4 spear (weapon)
 z - a +0 giant club
Armour
 a - a +1 robe (worn)
 j - a scarf of spirit shield (worn)
 r - a +0 pair of boots (worn)
Jewellery
 b - a ring of wizardry (right hand)
 f - an uncursed ring of resist corrosion
 h - an uncursed ring of fire
 q - an amulet of rage (around neck)
 y - a ring of magical power (left hand)
 C - a +3 ring of protection {unknown}
Wands
 x - a wand of enslavement (4)
Scrolls
 d - 6 scrolls of identify
 e - a scroll of enchant armour
 i - a scroll of silence {unknown}
 n - 6 scrolls of remove curse
 p - a scroll of magic mapping
 s - a scroll of enchant weapon
 t - 4 scrolls of teleportation
Potions
 k - a potion of agility
 l - a potion of ambrosia
 m - 4 potions of lignification
 o - 2 potions of flight
 v - a potion of cancellation
 w - 2 potions of curing
 B - a potion of berserk rage
Miscellaneous
 A - a crystal ball of energy
Comestibles
 c - 11 rations
 g - a chunk of flesh


   Skills:
 - Level 2.4 Dodging
 - Level 2.4 Stealth
 - Level 7.0 Spellcasting
 - Level 6.3 Conjurations
 - Level 6.3 Hexes
 - Level 6.0 Translocations
 + Level 3.6 Invocations
 - Level 7.5 Evocations


You had 4 spell levels left.
You knew the following spells:

 Your Spells              Type           Power        Failure   Level  Hunger
a - Magic Dart            Conj           ####         1%          1    None
b - Searing Ray           Conj           #####.       1%          2    None
c - Dazzling Spray        Conj/Hex       #####.       1%          3    None
d - Iskenderun's Mystic   Conj           #####...     2%          4    ###....
e - Fulminant Prism       Conj/Hex       #####.....   2%          4    ###....
f - Force Lance           Conj/Tloc      #####...     2%          4    ###....

Your spell library contained the following spells:

 Spells                   Type           Power        Failure   Level  Hunger


Dungeon Overview and Level Annotations

Branches:
Dungeon (7/15)             Temple (1/1) D:5

Altars:
Ashenzari
Cheibriados
Dithmenos
Elyvilon
Fedhas
Gozag
Hepliaklqana
Kikubaaqudgha
Makhleb
Nemelex Xobeh
Okawaru
Qazlal
Ru
Sif Muna
Trog
Uskayaw
Xom
Yredelemnul
Zin

Shops:
D:4 }


Message History

The eight-headed hydra skeleton bites you.
* * * LOW HITPOINT WARNING * * *
The eight-headed hydra skeleton misses you.
The eight-headed hydra skeleton barely misses you.
The eight-headed hydra skeleton bites you!
* * * LOW HITPOINT WARNING * * *
The eight-headed hydra skeleton barely misses you. x2
The eight-headed hydra skeleton bites you but does no damage.
The tengu warrior skeleton hits you.
The tengu warrior skeleton pecks you but does no damage.
The tengu warrior skeleton claws you.
* * * LOW HITPOINT WARNING * * *
There is a stone staircase leading down, spattered with blood here.
The eight-headed hydra skeleton bites you!
* * * LOW HITPOINT WARNING * * *
The eight-headed hydra skeleton bites you.
* * * LOW HITPOINT WARNING * * *
The eight-headed hydra skeleton bites you but does no damage.
The eight-headed hydra skeleton bites you!
You die...

#...)...#......###..#.#..........
###.##......##..÷...............☼
##..#.......#.......#.#..........
...#.....).##.........#..........
)....#.....##..###...##.##.##....
.....#..........8#..)#8###.##....
................Z.......#..#.....
..........)....Z.................
...#.....?.....Z@.[[....#.##....#
..##..............))...##........
..#..##.#...........[............
........####.......(........#....
.#####..# ##..#.....###....#...#
....##..# ###..##....###...###...
.....(...##....#####....Z......#.
#.................##.#.....#...._
.....................#.........#.


You could see an eight-headed hydra skeleton, an orc warrior skeleton and a
tengu warrior skeleton.

Vanquished Creatures
  The ghost of Sveporus the Conjurer, an amateur DECj (D:5)
  Menkaure (D:6)
  Duvessa (D:4)
  A black bear (D:6)
  2 phantoms
  An elf skeleton (D:5)
  5 ogres
  A centaur (D:4)
  A bullfrog (D:6)
  A gnoll sergeant (D:6)
  Dowan (D:4)
  2 scorpions
  A jelly (D:5)
  2 wights (D:7)
  A howler monkey (D:6)
  A bullfrog zombie (D:5)
  A hound (D:5)
  3 orc priests
  3 orc wizards (D:5)
  3 worker ants
  2 iguanas
  A killer bee zombie (D:5)
  2 centaur simulacra (D:5)
  A hound zombie (D:6)
  13 mummies (Ossuary)
  13 gnolls
  2 howler monkey skeletons (D:4)
  A scorpion zombie (D:5)
  5 adders
  A hound simulacrum (D:5)
  2 shadow imps (D:6)
  2 white imps (D:5)
  A worker ant simulacrum (D:5)
  An adder zombie (D:5)
  2 oozes
  An adder skeleton (D:5)
  3 worms
  2 dart slugs
  2 leopard geckos
  28 orcs
  4 giant cockroaches
  9 goblins
  4 hobgoblins
  5 jackals
  9 kobolds
  4 quokkas
  6 bats
  5 frilled lizards
  2 gnoll skeletons (Ossuary)
  4 kobold skeletons
  A kobold zombie (D:6)
  A leopard gecko zombie (D:5)
  5 orc skeletons
  An orc zombie (D:5)
  A quokka simulacrum (D:5)
  5 rats
  12 rat skeletons
  A rat zombie (D:5)
197 creatures vanquished.

Vanquished Creatures (others)
  19 fulminant prisms
19 creatures vanquished.

Grand Total: 216 creatures vanquished

Notes
Turn   | Place    | Note
-------+----------+-------------------------------------------
     0 | D:1      | HASTUR3 the Deep Elf Conjurer began the quest for the Orb.
     0 | D:1      | Reached XP level 1. HP: 10/10 MP: 6/6
   365 | D:1      | Reached XP level 2. HP: 15/15 MP: 1/8
   369 | D:1      | Learned a level 2 spell: Searing Ray
   442 | D:1      | Reached skill level 5 in Conjurations
  1431 | D:2      | Reached XP level 3. HP: 19/19 MP: 6/10
  1859 | D:2      | Reached skill level 5 in Spellcasting
  1859 | D:2      | Reached XP level 4. HP: 24/24 MP: 0/13
  1867 | D:2      | Learned a level 3 spell: Dazzling Spray
  1872 | D:2      | Learned a level 4 spell: Iskenderun's Mystic Blast
  2404 | D:2      | Found a faded altar of an unknown god.
  2599 | D:3      | Reached skill level 1 in Hexes
  3062 | D:3      | Reached XP level 5. HP: 28/28 MP: 2/14
  3199 | D:3      | Learned a level 4 spell: Fulminant Prism
  3593 | D:4      | Noticed Duvessa
  3601 | D:4      | Noticed a centaur
  3662 | D:4      | Noticed a phantom
  3671 | D:4      | Killed a phantom
  3671 | D:4      | Reached skill level 5 in Hexes
  3671 | D:4      | Reached XP level 6. HP: 32/32 MP: 5/16
  4000 | D:4      | Learned a level 4 spell: Force Lance
  4299 | D:4      | Found a blossoming altar of Fedhas.
  4303 | D:4      | Found Egee's Gadget Emporium.
  4309 | D:4      | Bought a crystal ball of energy for 240 gold pieces
  4317 | D:4      | Noticed Dowan
  4340 | D:4      | Killed Duvessa
  4340 | D:4      | Reached skill level 1 in Translocations
  4340 | D:4      | Reached XP level 7. HP: 36/36 MP: 2/19
  4355 | D:4      | Killed Dowan
  5439 | D:5      | Entered Level 5 of the Dungeon
  5659 | D:5      | Noticed Sveporus's ghost (amateur DECj)
  5732 | D:5      | Reached skill level 5 in Translocations
  6056 | D:6      | Reached XP level 8. HP: 30/41 MP: 13/20
  6179 | D:6      | Found a sand-covered staircase.
  6183 | D:6      | Noticed Menkaure
  6241 | Ossuary  | Entered an ossuary
  6322 | Ossuary  | Reached skill level 1 in Evocations
  6925 | D:6      | Reached skill level 5 in Evocations
  7310 | D:5      | Found a staircase to the Ecumenical Temple.
  7318 | Temple   | Entered the Ecumenical Temple
  7483 | Temple   | Became a worshipper of Kikubaaqudgha
  7521 | D:5      | Found a runed translucent gate.
  7521 | D:5      | Found a runed translucent gate.
  7521 | D:5      | Found a runed translucent gate.
  7571 | D:5      | Reached XP level 9. HP: 34/45 MP: 6/21
  7737 | D:5      | Found a deep blue altar of Sif Muna.
  7743 | D:5      | Fell from the grace of Kikubaaqudgha
  7743 | D:5      | Became a worshipper of Sif Muna the Loreminder
  7776 | D:5      | Found a stormy altar of Qazlal.
  8248 | D:5      | Killed Sveporus's ghost
  8513 | D:6      | Killed Menkaure
  8737 | D:6      | Found a shadowy altar of Dithmenos.
  8928 | D:6      | HP: 2/45 [eight-headed hydra skeleton[the malice of
                  | Kikubaaqudgha] (3)]
  8928 | D:6      | Mangled by an eight-headed hydra skeleton

Skill      XL: |  1  2  3  4  5  6  7  8  9 |
---------------+----------------------------+-----
Conjurations   | 5 6 |  6.3
Spellcasting   | 4 5 7 |  7.0
Hexes          | 3 5 6 |  6.3
Translocations | 1 5 6 |  6.0
Evocations     | 6 7 |  7.5
Invocations    | 3 |  3.6
Dodging        | |  2.4
Stealth        | |  2.4

Action                   |  1- 3 |  4- 6 |  7- 9 || total
-------------------------+-------+-------+-------++-------
Melee: Unarmed           |       |     1 |       ||     1
       Spear             |       |    23 |    58 ||    81
 Cast: Magic Dart        |    44 |    43 |    68 ||   155
       Searing Ray       |    11 |    14 |    42 ||    67
       Dazzling Spray    |       |    12 |    13 ||    25
       Fulminant Prism   |       |     4 |    15 ||    19
       Iskenderun's Myst |       |     6 |    12 ||    18
       Force Lance       |       |       |     2 ||     2
Evoke: Crystal ball of e |       |       |     7 ||     7
  Use: Potion            |     2 |     2 |    14 ||    18
       Scroll            |       |       |    12 ||    12
 Stab: Invisible         |       |       |     2 ||     2
  Eat: Chunk             |     3 |     9 |     9 ||    21
       Ration            |       |       |     2 ||     2
Armor: Robe              |       |     5 |    17 ||    22
       Skin              |       |     6 |    43 ||    49
Dodge: Dodged            |    10 |    22 |    80 ||   112
